 Dungeon Crawl Stone Soup version 0.28-a0-683-ga8797d1ae1 (webtiles) character file.

Game seed: 6668593145629902766

51 runemasterragnar the Skirmisher (level 4, -3/26 (37) HPs)
             Began as a Formicid Abyssal Knight on Oct 19, 2021.
             Was a Follower of Lugonu.
             Slain by Terence (4 damage)
             ... on level 1 of the Dungeon.
             The game lasted 00:02:21 (2028 turns).

runemasterragnar the Skirmisher (FoAK)              Turns: 2028, Time: 00:02:21

HP:   -3/26 (37)    AC:  6    Str: 19    XL:     4   Next: 5%
MP:   6/6           EV: 10    Int:  9    God:    Lugonu [*.....]
Gold: 29            SH:  0    Dex: 11    Spells: 3/3 levels left

rFire   . . .      SeeInvis +   a - +1 hand axe
rCold   . . .      Faith    .   (no shield)
rNeg    . . .      Spirit   .   b - +0 ring mail
rPois   .          Reflect  .   (helmet unavailable)
rElec   .          Harm     .   (no cloak)
rCorr   .          Rampage  .   i - +0 pair of gloves
Will    .....                   (no boots)
Stlth   +.........              (no amulet)
HPRegen 0.08/turn               (no ring)
MPRegen 0.10/turn               (no ring)

@: very heavily drained
A: permanent stasis, dig shafts and tunnels, antennae 3, four strong arms
a: Dig, Shaft Self, Renounce Religion, Depart the Abyss


You were on level 1 of the Dungeon.
You worshipped Lugonu.
Lugonu was aware of your devotion.
You visited 1 branch of the dungeon, and saw 2 of its levels.
You visited the Abyss 1 time.

You collected 29 gold pieces.

Inventory:

Hand Weapons
 a - a +1 hand axe (weapon)
Armour
 b - a +0 ring mail (worn)
 d - a +0 chain mail
 i - a +0 pair of gloves (worn)
Scrolls
 c - a scroll of enchant armour {unknown}
 e - a scroll of teleportation {unknown}
 g - a scroll of amnesia {unknown}
 h - a scroll of noise {unknown}


   Skills:
 + Level 3.8 Fighting
 * Level 3.0 Axes
 + Level 2.6 Armour
 - Level 0.8 Dodging
 + Level 2.7 Invocations


You had 3 spell levels left.
You didn't know any spells.
Your spell library contained the following spells:

 Spells                   Type           Power      Damage    Failure   Level
 Conjure Flame            Conj/Fire      0%         6-21      90%         3
 Ignite Poison            Fire/Tmut/Pois 0%         N/A       90%         3
 Sticky Flame             Conj/Fire      0%         2d3       100%        4


Dungeon Overview and Level Annotations

Branches:
Dungeon (2/15)

Altars:

Annotations:
D:1 Terence


Innate Abilities, Weirdness & Mutations

You cannot be hasted, slowed, berserked, paralysed or teleported.
You can dig through walls and to a lower floor.
You have a pair of large antennae on your head. (SInv)
Your four strong arms can wield two-handed weapons with a shield.


Message History

You feel drained.
Terence is nearby!
Terence is nearby!
You barely miss Terence.
Terence hits you with a +2 hand axe of draining.
You feel drained.
Terence is nearby!
You hit Terence.
Terence is lightly wounded.
Terence hits you but does no damage.
You feel drained.
Terence is nearby!
You closely miss Terence.
Terence is lightly wounded.
Terence hits you with a +2 hand axe of draining!
You feel drained.
You are too injured to fight recklessly!
You aren't carrying any items that you can evoke.
Terence barely misses you.
Okay, then.
There is a stone staircase leading up here.
Terence hits you with a +2 hand axe of draining.
You feel drained.
You climb upwards.
There is a stone staircase leading down here.
It was a potion of berserk rage.
Your stasis prevents you from going berserk.
Terence hits you with a +2 hand axe of draining!
* * * LOW HITPOINT WARNING * * *
You feel drained.
* * * LOW HITPOINT WARNING * * *
You extend your mandibles.
Terence hits you but does no damage.
You feel drained.
Terence hits you with a +2 hand axe of draining.
* * * LOW HITPOINT WARNING * * *
You feel drained.
* * * LOW HITPOINT WARNING * * *
You retract your mandibles.
You hit Terence.
Terence is moderately wounded.
Terence hits you with a +2 hand axe of draining.
You die...

#.#..##..# #.#.#.#.#.####.#.#.###
#.#..##..###.#...#.#.# #.#.#.#.#
#.#..............#.#.# #.#.#.#.#
#.##.#######.###.#.#.####.#.#.#.#
#........# #.###.#.#.##...#.#.#..
####.##..# #..##.#.#.##.#.#.#.#.#
# #.##.#####.##.#.#.##.#.#.#.#.#
# #.##.....#.##@#.#.##.#.#.#.#.#
#.######.#.##@#.#.##.###.#.#.#
#.######.#.##.#.#........#.#..
#.##.....#.##.#.####...###.##.
#.##.#####....#.# #....##.##.
#.##..# #######.#####.#.##.##.
#.###.# #.......#.....#.##....
#.# #.# #.#############.#####.
#.# #.# #.#..............# #.
####.# #.###.#.############.# #.


You could see Terence.

Vanquished Creatures
  Natasha (D:2)
  A bat skeleton (D:2)
  3 endoplasms
  A giant cockroach (D:2)
  A goblin (D:1)
  2 hobgoblins (D:1)
  2 quokkas (D:1)
  2 ball pythons
  6 kobolds
  3 rats (D:1)
22 creatures vanquished.

Notes
Turn   | Place    | Note
-------+----------+-------------------------------------------
     0 | Abyss:1  | runemasterragnar the Formicid Abyssal Knight began the
                  | quest for the Orb.
     0 | Abyss:1  | Reached XP level 1. HP: 18/18 MP: 2/2
    19 | D:1      | Escaped the Abyss
   646 | D:1      | Reached XP level 2. HP: 22/24 MP: 3/3
  1561 | D:2      | Noticed Natasha
  1586 | D:2      | Killed Natasha
  1587 | D:2      | Reached XP level 3. HP: 8/30 MP: 4/4
  1941 | D:2      | Reached XP level 4. HP: 36/37 MP: 4/6
  1990 | D:2      | Noticed Terence
  2027 | D:1      | HP: 1/26 [Terence (1)]
  2028 | D:1      | Slain by Terence

Illustrated notes

Levels and vault maps discovered:
D:1:      lemuel_arrival_muddy, layout_basic, serial_co_window_serial,
          co_window_corner_a, co_window_paths_a, co_window_of_opportunity_a,
          co_window_of_opportunity_a, co_window_paths_a,
          co_window_of_opportunity_b, co_window_unsneaky_path_a,
          co_window_2corner, co_window_of_opportunity_c, co_window_paths_e,
          glass_columns_c, glass_columns_b, glass_columns_a, glass_columns_b,
          glass_columns_c, minmay_misc_feat_chi
D:2:      layout_basic, basic_altar, mrwooster_statue_mirror, st_stairs_10,
          kennysheep_generic_room_15, uniq_jessica, uniq_terence, uniq_natasha

Skill      XL: |  1  2  3  4 |
---------------+-------------+-----
Axes           | 3 |  3.0
Fighting       | |  3.8
Armour         | |  2.6
Dodging        | |  0.8
Invocations    | |  2.7

Action                   |  1- 3 |  4- 6 || total
-------------------------+-------+-------++-------
Melee: Hand axe          |    68 |    10 ||    78
 Abil: Dig               |       |     1 ||     1
  Use: Potion            |     1 |     1 ||     2
Armor: Chain mail        |    26 |       ||    26
       Ring mail         |    11 |     3 ||    14
Dodge: Dodged            |    36 |     3 ||    39

Table legend: (Time is in decaauts)
 A = Elapsed time spent in this place.
 B = Non-inter-level travel time spent in this place.
 C = Inter-level travel time spent in this place.
 D = Time resting spent in this place.
 E = Time spent auto-exploring this place.
 F = Levels seen in this place.
 G = Mean time per level.
                   A        B        C        D        E       F      G
               +--------+--------+--------+--------+--------+-----+--------+
         Total |   2044 |   1969 |     75 |    281 |   1397 |   3 |  681.3 |
       Dungeon |   2025 |   1950 |     75 |    281 |   1397 |   2 | 1012.5 |
         Abyss |     19 |     19 |      0 |      0 |      0 |   1 |   19.0 |
               +--------+--------+--------+--------+--------+-----+--------+

Top non-repeatable levels by time:
     D:1: 1840 daAuts
     D:2: 185 daAuts
 Abyss:1: 19 daAuts
